 Dungeon Crawl Stone Soup version 0.32-a0-960-g3814254bd7 (webtiles) character file.

Game seed: 5699414148079657355

4630 funkygono the Thaumaturge (level 10, 0/52 HPs)
             Began as a Deep Elf Fire Elementalist on Apr 17, 2024.
             Was a Follower of Vehumet.
             Slain by a polar bear (2 damage)
             ... on level 8 of the Dungeon.
             The game lasted 00:16:44 (7599 turns).

funkygono the Thaumaturge (DEFE)                    Turns: 7599, Time: 00:16:45

Health: 0/52       AC:  7    Str:  5    XL:     10   Next: 19%
Magic:  21/28      EV: 12    Int: 25    God:    Vehumet [*.....]
Gold:   512        SH:  0    Dex: 15    Spells: 24/34 levels left

rFire   . . .        t - +3 quarterstaff (chaos)
rCold   . . .        (shield currently unavailable)
rNeg    . . .        m - +2 robe {Will+}
rPois   .            B - +0 hat
rElec   .            b - +1 cloak
rCorr   .            A - +0 pair of gloves
SInv    .            (no boots)
Will    ++...        l - amulet of magic regeneration
Stlth   +++          (no ring)
HPRegen 0.28/turn    (no ring)
MPRegen 0.61/turn

%: no passive effects
@: no status effects
A: no striking features
a: Renounce Religion


You were on level 8 of the Dungeon.
You worshipped Vehumet.
Vehumet was aware of your devotion.
You visited 2 branches of the dungeon, and saw 9 of its levels.
You also visited: Sewer and Ossuary.

You collected 512 gold pieces.

Inventory:

Hand Weapons
 d - a +1 dagger
 t - a +3 quarterstaff of chaos (weapon)
Armour
 b - a +1 cloak (worn)
 m - a +2 robe of willpower (worn)
 A - a +0 pair of gloves (worn)
 B - a +0 hat (worn)
Jewellery
 l - an amulet of magic regeneration (around neck)
Wands
 f - a wand of polymorph (8)
 s - a wand of warping (10)
 y - a wand of flame (21)
 D - a wand of paralysis (9)
Scrolls
 a - a scroll of silence
 j - a scroll of fear
 k - a scroll of teleportation
 p - 2 scrolls of fog
 r - a scroll of summoning
 u - a scroll of poison
 x - a scroll of amnesia
 C - a scroll of acquirement {unknown}
 E - a scroll of revelation
Potions
 c - a potion of brilliance {unknown}
 e - 3 potions of cancellation
 g - 2 potions of curing
 h - 5 potions of mutation
 i - 4 potions of haste
 n - 2 potions of resistance {unknown}
 o - a potion of magic
 q - 2 potions of berserk rage
 v - a potion of heal wounds {unknown}
 w - a potion of attraction {unknown}
 z - a potion of ambrosia {unknown}


   Skills:
 + Level 1.3 Fighting
 + Level 1.6 Staves
 + Level 3.9 Dodging
 + Level 3.8 Stealth
 + Level 12.6 Spellcasting
 + Level 5.6 Conjurations
 + Level 10.8 Fire Magic


You had 24 spell levels left.
You knew the following spells:

 Your Spells              Type           Power      Damage    Failure   Level
a - Foxfire               Conj/Fire      100%       2x1d9     1%          1
b - Scorch                Fire           100%       2d9       1%          2
c - Flame Wave            Conj/Fire      54%        2d13      1%          4
d - Searing Ray           Conj           86%        2d7       1%          2
e - Sting                 Conj/Alch      100%       1d9       1%          1

Your spell library contained the following spells:

 Spells                   Type           Power      Damage    Failure   Level
 Sandblast                Erth           30%        2d9       3%          1
 Magic Dart               Conj           100%       1d8       1%          1
 Static Discharge         Conj/Air       58%        3-6/arc   1%          2
 Inner Flame              Hex/Fire       42%        N/A       1%          3
 Volatile Blastmotes      Fire/Tloc      84%        2d17      1%          3
 Summon Blazeheart Golem  Fire/Summ      42%        N/A       4%          4
 Mercury Vapours          Alch/Air       30%        N/A       6%          2
 Fulminant Prism          Conj/Alch      14%        3d8       12%         4
 Airstrike                Air            7%         2d(2-18)  36%         4
 Leda's Liquefaction      Alch/Erth      7%         N/A       36%         4
 Olgreb's Toxic Radiance  Alch           15%        N/A       36%         4
 Summon Lightning Spire   Summ/Air       15%        N/A       36%         4
 Lee's Rapid Deconstruct  Erth           7%         3d7*      71%         5
 Orb of Destruction       Conj           21%        9d8       97%         7
 Permafrost Eruption      Ice/Erth       7%         2x4d3     99%         6
 Spellforged Servitor     Conj/Summ      14%        N/A       100%        7


Dungeon Overview and Level Annotations

Branches:
Dungeon (8/15)             Temple (1/1) D:6           Sewer (visited)
Ossuary (visited)
   Lair: D:8-11

Altars:
Ashenzari
Cheibriados
Dithmenos
Elyvilon
Fedhas
Gozag
Hepliaklqana
Kikubaaqudgha
Makhleb
Nemelex Xobeh
Okawaru
Sif Muna
Trog
Uskayaw
Vehumet
Wu Jian
Xom
Yredelemnul
Zin
The Shining One

Annotations:
Temple 2 transporters


Message History

The polar bear closely misses you. The polar bear misses you.
The polar bear claws you but does no damage.
The centaur shoots an arrow.
The arrow hits you! The polar bear bites you. The polar bear misses you.
The polar bear closely misses you.
The centaur shoots an arrow.
The arrow hits you!
The centaur unwields a +0 shortbow.
The centaur completely misses you. The centaur barely misses you.
The polar bear barely misses you. The polar bear claws you.
* * * LOW HITPOINT WARNING * * *
The polar bear claws you but does no damage.
Casting: Scorch (safe; 1% risk of failure)
Confirm with . or Enter, or press ? or * to list all spells.
Casting: Flame Wave (dangerous; 1% risk of failure)
Press: ? - help, Dir - look around, f - activate A wave of flame ripples out!
The flame wave engulfs the polar bear.
The polar bear is moderately wounded.
The flame wave engulfs the centaur!!
The centaur is burned terribly!
You kill the centaur!
Vehumet accepts your kill. (Press . to intensify the flame waves.)
The polar bear bites you but does no damage.
The polar bear closely misses you. The polar bear barely misses you.
A wave of flame ripples out!
The flame wave engulfs the polar bear!!
The polar bear is severely wounded.
The polar bear goes berserk!
Unknown command.
A wave of flame ripples out!
The flame wave engulfs the polar bear!
The polar bear is almost dead.
You finish channelling waves of flame.
The polar bear closely misses you. The polar bear barely misses you.
The polar bear claws you.
* * * LOW HITPOINT WARNING * * *
Unknown command.
Casting: Flame Wave (dangerous; 1% risk of failure)
Confirm with . or Enter, or press ? or * to list all spells.
Flames lash the polar bear but do no damage.
The polar bear bites you.
* * * LOW HITPOINT WARNING * * *
The polar bear claws you but does no damage.
The polar bear claws you.
You die...

...............#######
...†...###.....# #...
####.)## #####.###.#
.....## #......######
.... #.....
##....#......#.....
#....#.
#....##......#.....
#....#..
#.....#............
#.>..# ..
#...h.#.>..........
#####. #.#
#....@#............
.#.....)............
....................##
.....####...$.........
..#.# #..........##)
..#. #........##.# #
#.#......# ..
#.#..##..# #....# ....


You could see a polar bear (berserk).

Vanquished Creatures
  A troll (D:7)
  An unseen horror simulacrum (D:8)
  7 yaks (D:8)
  An orc warrior (D:6)
  A crocodile (Sewer)
  4 ice beasts
  3 ogres
  2 black bears
  A sky beast (D:7)
  A wolf (D:8)
  A centaur (D:8)
  A kobold brigand (D:6)
  3 bullfrogs (D:7)
  A brain worm (Sewer)
  2 scorpions
  7 wights (D:7)
  An electric eel (D:8)
  5 howler monkeys (D:7)
  A wyvern simulacrum (D:8)
  An orc priest (D:6)
  5 hounds
  A centaur zombie (Ossuary)
  2 sleepcaps
  Terence (D:2)
  Crazy Yiuf (D:4)
  Jessica (D:2)
  6 iguanas
  Natasha (thrice) (D:2)
  An orc wizard (D:6)
  2 centaur simulacra (D:8)
  3 crocodile zombies (Ossuary)
  2 mummies
  A killer bee simulacrum (D:8)
  7 gnolls (D:3)
  6 adders
  A shadow imp (D:6)
  4 white imps
  2 howler monkey simulacra (D:8)
  An ufetubus (D:8)
  3 ribbon worms
  10 orcs
  13 bats
  4 endoplasms
  4 giant cockroaches
  3 gnoll zombies (Ossuary)
  5 hobgoblins
  2 jackals (D:5)
  11 kobolds
  6 quokkas
  4 ball pythons
  3 frilled lizards (D:2)
  9 goblins
  A goblin zombie (D:5)
  3 kobold zombies
  3 rats (D:1)
179 creatures vanquished.

Vanquished Creatures (collateral kills)
  A foxfire (D:2)
1 creature vanquished.

Vanquished Creatures (others)
  525 foxfires
525 creatures vanquished.

Grand Total: 705 creatures vanquished

Notes
Turn   | Place    | Note
-------+----------+-------------------------------------------
     0 | D:1      | funkygono the Deep Elf Fire Elementalist began the quest
                  | for the Orb.
     0 | D:1      | Reached XP level 1. HP: 10/10 MP: 6/6
   321 | D:1      | Reached XP level 2. HP: 15/15 MP: 4/8
   324 | D:1      | Learned a level 2 spell: Scorch
   912 | D:2      | Noticed Natasha
   930 | D:2      | Killed Natasha
   931 | D:2      | Reached XP level 3. HP: 13/19 MP: 5/10
  1106 | D:2      | Noticed Terence
  1115 | D:2      | Killed Terence
  1116 | D:2      | Reached XP level 4. HP: 24/24 MP: 2/11
  1121 | D:2      | Learned a level 4 spell: Flame Wave
  1197 | D:2      | Noticed Natasha
  1201 | D:2      | Killed Natasha
  1202 | D:2      | Reached skill level 4 in Spellcasting
  1457 | D:2      | Noticed Jessica
  1459 | D:2      | Killed Jessica
  1460 | D:2      | Reached XP level 5. HP: 28/28 MP: 10/13
  1518 | D:2      | Noticed Natasha
  1522 | D:2      | Killed Natasha
  1523 | D:2      | Reached skill level 5 in Fire Magic
  2035 | D:3      | Reached skill level 5 in Spellcasting
  2307 | D:3      | Found a faded altar of an unknown god.
  2332 | D:3      | Reached XP level 6. HP: 32/32 MP: 13/16
  3124 | D:4      | Reached skill level 6 in Spellcasting
  3275 | D:4      | Reached XP level 7. HP: 36/36 MP: 15/18
  3440 | D:4      | Found a runed translucent door.
  3441 | D:4      | Noticed Crazy Yiuf
  3651 | D:4      | Reached skill level 7 in Spellcasting
  3918 | D:4      | Killed Crazy Yiuf
  3997 | D:5      | Entered Level 5 of the Dungeon
  4109 | D:5      | Found a sand-covered staircase.
  4115 | Ossuary  | Entered an ossuary
  4394 | D:5      | Found a glowing drain.
  4410 | Sewer    | Entered a sewer
  4450 | Sewer    | Reached skill level 8 in Spellcasting
  4450 | Sewer    | Reached XP level 8. HP: 36/41 MP: 8/22
  4999 | D:5      | Found a hide-covered altar of Uskayaw.
  5571 | D:6      | Reached skill level 9 in Spellcasting
  5700 | D:6      | Found a staircase to the Ecumenical Temple.
  5872 | Temple   | Found a transporter.
  5872 | Temple   | Found a transporter.
  5872 | Temple   | Found a transporter.
  5872 | Temple   | Found a transporter.
  5872 | Temple   | Entered the Ecumenical Temple
  5892 | Temple   | Became a worshipper of Vehumet
  6173 | D:6      | Learned a level 2 spell: Searing Ray
  6204 | D:7      | Reached XP level 9. HP: 39/45 MP: 24/24
  6262 | D:7      | Reached skill level 10 in Spellcasting
  6301 | D:7      | Reached skill level 1 in Staves
  6822 | D:7      | Noticed a troll
  6829 | D:7      | Killed a troll
  7115 | D:7      | Learned a level 1 spell: Sting
  7148 | D:7      | Reached skill level 11 in Spellcasting
  7149 | D:7      | Reached skill level 10 in Fire Magic
  7240 | D:8      | Reached * piety under Vehumet
  7240 | D:8      | Offered knowledge of Sandblast by Vehumet.
  7411 | D:8      | Reached skill level 5 in Conjurations
  7443 | D:8      | Reached skill level 12 in Spellcasting
  7444 | D:8      | Reached XP level 10. HP: 46/51 MP: 22/28
  7451 | D:8      | Reached skill level 1 in Fighting
  7599 | D:8      | HP: 2/52 [polar bear (6)]
  7599 | D:8      | Slain by a polar bear

Illustrated notes

Levels and vault maps discovered:
D:1:      zaba_arrival_water, layout_basic
D:2:      layout_loops_ring, serial_bayou_pond_c, uniq_jessica, uniq_terence,
          uniq_natasha
D:3:      layout_loops_ring, ebering_ecumenical_altar_webs,
          chequers_mini_garden, fountainhead, minmay_misc_feat_diagonals,
          kennysheep_path_1, amcnicky_mini_rare_corridor_liquid, minivault_25
D:4:      layout_basic, chequers_arboretum, st_stairs_10,
          uniq_crazy_yiuf_cottage
D:5:      layout_loops_ring, marbit_many_paths, portal_sewer_entry_f,
          nicolae_ossuary_entry_giza
D:6:      layout_loops_corners, minmay_temple_entry_tees
D:7:      layout_basic, minmay_microvault
D:8:      layout_rooms, mainiacjoe_overflow_catwalk_spiral, serial_ice,
          serial_ice_j, serial_ice_c, serial_ice_m, serial_ice_n, serial_ice_o,
          serial_ice_g, serial_ice_a, st_stairs_2
Temple:   hellmonk_temple_divided_pantheon

Skill      XL: |  1  2  3  4  5  6  7  8  9 10 |
---------------+-------------------------------+-----
Fire Magic     | 4 5 7 9 10 | 10.8
Spellcasting   | 4 5 6 8 9 12 | 12.6
Conjurations   | 2 3 4 5 |  5.6
Stealth        | 3 |  3.8
Dodging        | 3 |  3.9
Staves         | 1 |  1.6
Fighting       | 1 |  1.3

Action                     |  1- 3 |  4- 6 |  7- 9 | 10-12 || total
---------------------------+-------+-------+-------+-------++-------
  Melee: Quarterstaff      |       |       |    15 |       ||    15
   Cast: Foxfire           |    32 |    73 |   196 |    10 ||   311
         Scorch            |    11 |    36 |    73 |     5 ||   125
         Flame Wave        |       |       |     5 |     1 ||     6
    Use: Potion            |       |     1 |       |       ||     1
         Scroll            |       |       |    18 |       ||    18
   Stab: Distracted        |       |       |     1 |       ||     1
 Armour: Robe              |     5 |    22 |    58 |    19 ||   104
  Dodge: Dodged            |     6 |    14 |    51 |    11 ||    82

Table legend: (Time is in decaauts)
 A = Elapsed time spent in this place.
 B = Non-inter-level travel time spent in this place.
 C = Inter-level travel time spent in this place.
 D = Time resting spent in this place.
 E = Time spent auto-exploring this place.
 F = Levels seen in this place.
 G = Mean time per level.
                   A        B        C        D        E       F      G
               +--------+--------+--------+--------+--------+-----+--------+
         Total |   7624 |   7424 |    200 |    200 |   5906 |  11 |  693.1 |
       Dungeon |   7264 |   7066 |    198 |    200 |   5683 |   8 |  908.0 |
        Temple |     38 |     36 |      2 |      0 |      0 |   1 |   38.0 |
         Sewer |    109 |    109 |      0 |      0 |     74 |   1 |  109.0 |
       Ossuary |    211 |    211 |      0 |      0 |    149 |   1 |  211.0 |
               +--------+--------+--------+--------+--------+-----+--------+

Top non-repeatable levels by time:
     D:4: 1181 daAuts
     D:2: 1101 daAuts
     D:7: 1028 daAuts
     D:5: 948 daAuts
     D:1: 927 daAuts
     D:6: 886 daAuts
     D:3: 799 daAuts
     D:8: 390 daAuts
 Ossuary: 211 daAuts
   Sewer: 109 daAuts
  Temple: 38 daAuts
